Description

Done whenever you can and when you get 75 drones get working on the army, build any tech you want and when you scout make sure to have counter units in mind. This is Serrals macro build enjoy!

Build Order

Get SALT Encoding   

  13  0:13  Overlord  Drone whenever you can
  16  0:45  Hatchery  (natural) Second base
  18  1:10  Extractor  Saturate
  17  1:15  Spawning Pool  wanna rush ling speed
  20  1:51  Overlord  
  20  2:00  Zergling x2, Queen x2  You will be at 26 supply when you queue up these units, defense
  28  2:16  Metabolic Boost  take one drone off and send it to natural ( you should be at 100 gas this point) a little more or a little less
  30  2:35  Hatchery  3rd base (queens should inject once and then be dedicated to creep spreading) and then future queens can be used solely for injecting
  31  2:50  Queen  for injects
  33  2:52  Overlord  
  36  3:05  Pneumatized Carapace  re-saturate gas at main
  41  3:25  Queen  for injects
  41  3:30  Overlord  
  46  3:40  Zergling x2  defense
  49  3:45  Queen  
  56  3:58  Zergling  
  58  4:00  Queen  scout with the overlord speed and 2 sets of lings
  68  4:30  Lair  
  70  4:40  Baneling Nest  
  73  4:45  Extractor x2  2 gases in natural and saturate them
  72  5:00  Zergling x8  
  82  5:15  Overlord x3  
  87  5:23  Extractor  
  86  5:27  Hatchery  
  90  5:33  Centrifical Hooks  also get 8 sets of zerglings
  92  5:40  Extractor  
  93  5:42  Evolution Chamber x2  get upgrades when you can
  93  5:45  Hatchery  macro wise for larvae
  99  6:00  Hydralisk Den  after get speed (75 drones get army now)
Spawning Tool Build Advisor. Get it on Overwolf

Go to:

Details

  • Created by: LopLop
  • Published on: Jun 03, 2021
  • Modified on: Jun 03, 2021
  • Patch: 4.11.0
  • Difficulty: Medium
Show
View Real Time Build Order
Export as new Build Order

Comments (3)

On Dec. 22, 2021, 9:55 p.m., LopLop  said:

Just build more overlords if you get supply blocked

On Dec. 4, 2021, 11:37 p.m., YoU  said:

I think this build needs 3 more overloads before 3 overloads at 82.

On July 28, 2021, 2:18 a.m., gekkonen  said:

Is this missing an overlord somewhere? Supply block happens at 58. The build includes making 2 hatcheries to total of 3 and 4 overlords to total of 5 -> 58 supply.

Create an account to comment!